 Dungeon Sprint DCSS version 0.30-a0-900-g23479c02f2 (webtiles) character file.

Game seed: 9569072764519475044

812 dialectric the Fighter (level 7, -6/75 HPs)
             Began as a Minotaur Fighter on Mar 18, 2023.
             Was a Follower of Trog.
             Mangled by Menkaure (15 damage)
             ... in the Dungeon (Sprint II: "The Violet Keep of Menkaure").
             The game lasted 00:01:43 (325 turns).

dialectric the Fighter (Minotaur Fighter)            Turns: 325, Time: 00:01:44

Health: -6/75      AC: 13    Str: 20    XL:     7   Next: 61%
Magic:  6/6        EV: 12    Int:  5    God:    Trog [*.....]
Gold:   871        SH:  5    Dex: 12    Spells: 6/6 levels left

rFire   . . .      SeeInvis .    a - +0 flail
rCold   . . .      Faith    .    c - +0 buckler
rNeg    . . .      Spirit   .    b - +0 scale mail
rPois   .          Reflect  .    (helmet restricted)
rElec   .          Rampage  .    (no cloak)
rCorr   .          NoTele   +    l - +0 pair of gloves
Will    .....                    y - +1 pair of boots Stlth
                                 (no amulet)
HPRegen 0.32/turn                (no ring)
MPRegen 0.10/turn                (no ring)

@: hasted, very quick
A: horns 2, retaliatory headbutt
a: Renounce Religion, Berserk


You were in the Dungeon.
You worshipped Trog.
Trog was aware of your devotion.
You visited 1 branch You collected 871 gold pieces.

Inventory:

Hand Weapons
 a - a +0 flail (weapon)
Armour
 b - a +0 scale mail (worn)
 c - a +0 buckler (worn)
 l - a +0 pair of gloves (worn)
 y - a +1 pair of boots (worn)
Jewellery
 i - an amulet of reflection
 m - a +4 ring of slaying
 n - a +6 ring of intelligence
 o - a ring of positive energy
Scrolls
 f - 2 scrolls of enchant armour {unknown}
 j - 5 scrolls of identify {unknown}
 k - 2 scrolls of poison {unknown}
 s - a scroll of magic mapping {unknown}
 t - a scroll of brand weapon {unknown}
 v - a scroll of blinking
 w - a scroll of immolation {unknown}
 x - a scroll of silence {unknown}
 z - a scroll of vulnerability {unknown}
Potions
 d - 3 potions of attraction {unknown}
 e - a potion of curing
 h - 5 potions of magic
 p - a potion of mutation {unknown}
 q - 3 potions of flight {unknown}
 r - 3 potions of resistance {unknown}
 u - a potion of might


   Skills:
 + Level 11.6 Fighting
 + Level 8.7 Maces & Flails
 + Level 11.1 Armour
 * Level 7.0 Dodging
 + Level 0.5 Stealth
 - Level 7.2 Shields


You had 6 spell levels left.
You didn't know any spells.
Your spell library was empty.

Dungeon Overview and Level Annotations

Branches:
Dungeon (1/1)

Altars:
Cheibriados
Dithmenos
Elyvilon
Fedhas
Gozag
Hepliaklqana
Kikubaaqudgha
Makhleb
Nemelex Xobeh
Okawaru
Qazlal
Ru
Sif Muna
Trog
Uskayaw
Vehumet
Wu Jian
Xom
Yredelemnul
Zin
The Shining One
Jiyva
Lugonu

Annotations:
D Menkaure


Innate Abilities, Weirdness & Mutations

You have a pair of horns on your head.
You reflexively headbutt those who attack you in melee.


Message History

Things that are here:
a wyvern skeleton; a wyvern skeleton You feel sick.
You feel sick.
You feel sick.
You open the door.
You feel sick. The water moccasin barely misses you.
There is an open door here.
Menkaure, Prince of Dust comes into view.
You feel sick.
Menkaure shouts!
Menkaure calls on the powers of darkness!
Your body is wracked with pain!
* * * LOW HITPOINT WARNING * * *
You sock the water moccasin!
Your headbutt misses the water moccasin.
The water moccasin is severely wounded.
You feel sick. You block the water moccasin's attack.
You miss the water moccasin.
The water moccasin is severely wounded.
The water moccasin misses you.
You closely miss the water moccasin.
Your headbutt misses the water moccasin.
The water moccasin is severely wounded.
You feel sick.
The water moccasin bites you but does no damage.
You closely miss the water moccasin.
Your headbutt misses the water moccasin.
The water moccasin is severely wounded.
The water moccasin bites you but does no damage.
Menkaure closely misses you. You furiously retaliate!
You headbutt Menkaure! You miss the water moccasin.
The water moccasin is severely wounded.
You feel sick.
You are no longer poisoned.
The water moccasin barely misses you.
You sock the water moccasin!
You kill the water moccasin!
Trog accepts your kill.
You can now go berserk at will.
Menkaure hits you!
You die... +#### ≈≈≈≈≈§≈## ≈≈≈≈≈≈≈## ▓ ≈≈≈≈≈≈≈≈# + §SSS≈≈ # SSSS

# ##~~#+++#+++##
#~~~..M@.....#
#~~~~.##'##..#
#~~~~##.#.##.####
+.##. #~~~ #.###h#
...# ...# #~~#
##.#.####..## #..#
#~##. ##÷###h##..#
+..# #
#..B##h##.yh#..# #.^#
#+.<.†##.'.h####.h#
#..B##.##.###....###..


You could see a polar bear, Menkaure and 6 electric eels.

Vanquished Creatures
  2 wyverns (D)
  4 water moccasins (D)
  4 scorpions (D)
  3 worms (D)
13 creatures vanquished.

Vanquished Creatures (others)
  4 tentacles (D)
4 creatures vanquished.

Grand Total: 17 creatures vanquished

Notes
Turn   | Place    | Note
-------+----------+-------------------------------------------
     0 | D        | dialectric the Minotaur Fighter began the quest for the
                  | Orb.
     0 | D        | Reached XP level 1. HP: 19/19 MP: 0/0
     8 | D        | Noticed a boulder beetle
     8 | D        | Noticed a boulder beetle
    11 | D        | Noticed a wyvern
    11 | D        | Noticed a wyvern
    16 | D        | Killed a wyvern
    17 | D        | Reached XP level 2. HP: 29/35 MP: 1/1
    17 | D        | Reached XP level 3. HP: 34/40 MP: 2/2
    17 | D        | Reached XP level 4. HP: 41/48 MP: 3/3
    17 | D        | Reached XP level 5. HP: 45/53 MP: 4/4
    20 | D        | Killed a wyvern
    21 | D        | Reached skill level 5 in Maces & Flails
    21 | D        | Reached XP level 6. HP: 31/64 MP: 5/5
    98 | D        | Reached skill level 10 in Fighting
   101 | D        | Reached skill level 10 in Armour
   101 | D        | Reached skill level 5 in Dodging
   107 | D        | Reached XP level 7. HP: 47/73 MP: 6/6
   127 | D        | Found a glowing golden altar of the Shining One.
   127 | D        | Found an ornate altar of the Wu Jian Council.
   127 | D        | Found a stormy altar of Qazlal.
   128 | D        | Found a shimmering altar of Xom.
   128 | D        | Found a sacrificial altar of Ru.
   129 | D        | Found a basalt altar of Yredelemnul.
   129 | D        | Found a shimmering blue altar of Sif Muna.
   130 | D        | Found a glowing silver altar of Zin.
   130 | D        | Found a bloodstained altar of Trog.
   130 | D        | Found an ancient bone altar of Kikubaaqudgha.
   130 | D        | Found a viscous altar of Jiyva.
   131 | D        | Found a hide-covered altar of Uskayaw.
   131 | D        | Found a corrupted altar of Lugonu.
   131 | D        | Found a shadowy altar of Dithmenos.
   132 | D        | Found a radiant altar of Vehumet.
   132 | D        | Found a burning altar of Makhleb.
   132 | D        | Found a white marble altar of Elyvilon.
   133 | D        | Found a sparkling altar of Nemelex Xobeh.
   133 | D        | Found a blossoming altar of Fedhas.
   135 | D        | Found an iron altar of Okawaru.
   135 | D        | Found an opulent altar of Gozag.
   135 | D        | Found a hazy altar of Hepliaklqana.
   135 | D        | Found a snail-covered altar of Cheibriados.
   139 | D        | Became a worshipper of Trog the Wrathful
   148 | D        | Noticed a kraken
   276 | D        | Noticed a yaktaur
   276 | D        | Noticed a hornet
   276 | D        | Noticed a polar bear
   276 | D        | Noticed a polar bear
   276 | D        | Noticed a polar bear
   319 | D        | Noticed Menkaure
   325 | D        | Reached * piety under Trog
   325 | D        | Mangled by Menkaure

Illustrated notes

Levels and vault maps discovered:
D:        the_violet_keep_of_menkaure [sprint2_stairs_cluster_1,
          sprint2_shoproom, sprint2_temple, sprint2_basic_supplies,
          sprint2_obstacle_5, sprint2_obstacle_4, sprint2_obstacle_7,
          sprint2_obstacle_2, sprint2_obstacle_1, sprint2_timed_cluster_1,
          sprint2_smallroom_cluster_1, sprint2_smallroom_final_cluster_1,
          sprint2_transparent_cluster_1, sprint2_second_timed_cluster_1,
          sprint2_sniper_area_1, sprint2_heavy_combat_area_1,
          sprint2_mutation_trap_area_1, sprint2_forest_area_1,
          sprint2_light_combat_area_1, sprint2_behind_water_1,
          sprint2_near_end_vault_1]

Skill      XL: |  1  2  3  4  5  6  7 |
---------------+----------------------+-----
Fighting       | 7 9 10 11 | 11.6
Maces & Flails | 4 5 7 8 |  8.7
Armour         | 7 9 10 11 | 11.1
Shields        | 7 |  7.2
Dodging        | 4 6 7 |  7.0
Stealth        | |  0.5

Action                     |  1- 3 |  4- 6 |  7- 9 || total
---------------------------+-------+-------+-------++-------
  Melee: Flail             |     4 |    34 |    26 ||    64
         Headbutt          |       |     6 |     3 ||     9
    Use: Potion            |     1 |     2 |     4 ||     7
         Scroll            |       |       |     1 ||     1
 Armour: Scale mail        |     2 |     3 |    19 ||    24
  Dodge: Dodged            |     2 |    10 |    18 ||    30
  Block: Buckler           |       |     4 |    10 ||    14

Table legend: (Time is in decaauts)
 A = Elapsed time spent in this place.
 B = Non-inter-level travel time spent in this place.
 C = Inter-level travel time spent in this place.
 D = Time resting spent in this place.
 E = Time spent auto-exploring this place.
 F = Levels seen in this place.
 G = Mean time per level.
                   A        B        C        D        E       F      G
               +--------+--------+--------+--------+--------+-----+--------+
         Total |    334 |    334 |      0 |     33 |      0 |   1 |  334.0 |
       Dungeon |    334 |    334 |      0 |     33 |      0 |   1 |  334.0 |
               +--------+--------+--------+--------+--------+-----+--------+

Top non-repeatable levels by time:
       D: 334 daAuts
